gaming

Match 12014666
End
Royal Engineer Section
Construct Section Command Post
Infantry Section
Infantry Section
ML 3-inch Mortar Team
Construct Platoon Command Post
Selects Air and Sea Battlegroup
Selects Supply Surplus
Construct Resource Cache
Construct Company Command Post
Construct Field Infirmary
Selects Commando Section Paradrop
Selects Commando LMG Section Paradrop
Foot Guards Section
Matilda II Heavy Tank
Selects Incendiary Bombing Run
Incendiary Bombing Run
Commando LMG Section Paradrop
Matilda II Heavy Tank
Matilda II Heavy Tank
Selects Centaur Medium Tank
Royal Engineer Section
Wolfe
Pandemic
0
0

Comments sign in to comment!

No comments posted yet!